Map: Cyber Forest LE

Players

Basior

  • Race: Terran Terran
  • Spawn Location: 5:00

Probe - Winner!

  • Race: Protoss Protoss
  • Spawn Location: 11:00

Event: IEM Season 13: Katowice (2019)

VOD

Have the link to the VOD?

Description

Time

  • Played on: Feb. 26, 2019, 5:08 a.m.
  • Length: 12:09

All games in this series

Show
View Real Time Build Order
Export as new Build Order

Basior Terran 

Build Orders: Reaper Expand 

Get SALT Encoding   

  12  0:00  SCV  
  13  0:12  SCV  
  14  0:17  Supply Depot  
  14  0:24  SCV  
  15  0:38  SCV  
  15  0:40  Barracks  
  16  0:43  Refinery  
  16  0:51  SCV  
  17  1:03  SCV  
  18  1:15  SCV  
  19  1:27  Orbital Command  
  19  1:28  Reaper  
  20  1:43  Command Center  
  20  1:53  SCV  
  21  1:55  Refinery  
  21  2:02  Supply Depot  
  21  2:04  Barracks Reactor  
  21  2:08  SCV  
  22  2:21  Factory, SCV  
  23  2:33  SCV  
  24  2:40  Marine x2  
  26  2:45  SCV  
  27  2:57  Orbital Command  
  27  2:58  SCV  
  28  3:00  Marine x2  
  30  3:07  Factory Tech Lab  
  30  3:08  Starport  
  30  3:10  SCV  
  30  3:18  Marine x2  
  32  3:22  SCV  
  32  3:23  SCV  
  32  3:26  Siege Tank  
  38  3:34  SCV  
  38  3:36  SCV, Marine x2  
  38  3:40  Supply Depot  
  41  3:44  Medivac  
  41  3:46  SCV  
  41  3:48  SCV  
  45  3:54  Supply Depot, Marine  
  46  4:02  Siege Tank, SCV x2, Marine  
  52  4:06  Supply Depot  
  52  4:11  Liberator  
  52  4:12  Marine  
  52  4:14  SCV  
  54  4:19  Marine  
  54  4:20  SCV  
  56  4:26  SCV  
  56  4:29  Marine  
  61  4:32  SCV  
  61  4:34  Engineering Bay, Refinery  
  61  4:37  Marine  
  63  4:38  SCV  
  63  4:39  Siege Tank  
  63  4:44  SCV  
  68  4:53  SCV  
  67  5:03  SCV  
  67  5:05  SCV  
  67  5:07  Marine x2  
  67  5:11  Siege Tank  
  69  5:20  Medivac  
  70  5:24  Refinery  
  70  5:25  Barracks x2  
  70  5:26  SCV  
  70  5:27  SCV  
  71  5:33  Command Center  
  69  5:36  Marine x2  
  69  5:40  SCV  
  72  5:46  SCV  
  73  5:54  Marine x2  
  73  5:56  Starport Reactor, SCV  
  73  6:02  SCV  
  73  6:06  Terran Infantry Weapons Level 1  
  73  6:07  Supply Depot  
  73  6:08  SCV, Supply Depot  
  73  6:14  SCV, Marine x2  
  73  6:15  Barracks Tech Lab x2  
  73  6:22  Supply Depot  
  73  6:25  Barracks  
  73  6:26  Barracks  
  73  6:28  SCV x2  
  72  6:35  Medivac x2  
  72  6:37  Stimpack, Combat Shield  
  76  6:40  SCV x2  
  76  6:41  Concussive Shells  
  76  6:43  Marauder  
  80  6:51  Supply Depot  
  80  6:52  SCV, Supply Depot  
  80  6:53  SCV  
  84  7:08  Marauder x2  
  84  7:09  Marauder, Widow Mine  
  84  7:10  Widow Mine, Medivac x2  
  94  7:19  Command Center  
  94  7:23  SCV x2  
  94  7:25  Ghost Academy  
  96  7:30  Liberator  
  95  7:39  Command Center  
  94  7:45  Marauder x3  
  94  7:47  Widow Mine x2  
  94  7:51  Supply Depot  
  107  7:52  Supply Depot  
  107  7:57  SCV x2  
  108  8:09  SCV  
  108  8:10  Terran Infantry Armor Level 1  
  115  8:13  Widow Mine x2  
  115  8:16  Ghost x2  
  117  8:21  SCV x2, Marine  
  120  8:28  Barracks Reactor  
  120  8:33  Barracks Reactor  
  120  8:35  Supply Depot x2  
  118  8:49  Marine  
  118  8:50  Marauder x2  
  115  9:07  Marine x3  
  115  9:10  Marine  
  115  9:11  Marauder  
  116  9:17  Orbital Command, Marine  
  116  9:21  Missile Turret  
  116  9:22  Marine  
  116  9:23  Widow Mine  
  116  9:24  Widow Mine, Medivac x2, Marine  
  126  9:25  Marine x2  
  126  9:29  Marauder  
  130  9:32  Marine  
  130  9:35  Marine  
  130  9:38  Refinery  
  132  9:40  Refinery, Marine  
  132  9:42  Refinery  
  132  9:43  Marauder  
  135  9:46  Orbital Command  
  135  9:51  Marauder x2, Marine x2  
  141  9:54  Marine  
  141  9:57  Liberator  
  142  10:01  Marine  
  142  10:05  Marauder  
  145  10:09  Marine x2  
  145  10:12  Marine  
  145  10:13  Marauder x2  
  152  10:19  Marine  
  156  10:25  Marine  
  157  10:30  Marine x2  
  157  10:33  Marine  
  157  10:34  Marauder  
  155  10:36  Marine  
  155  10:37  Marauder  
  144  10:43  Marine  
  144  10:48  Marine x2  
  121  10:51  Marine  
  121  10:54  Marine  
  121  10:55  Marauder  
  123  10:58  Marauder  
  123  11:02  Marauder  
  127  11:06  Marine x2  
  127  11:08  Medivac, Marine  
  127  11:09  Medivac  
  119  11:12  Marine  
  119  11:15  SCV  
  119  11:17  Marauder  
  100  11:19  Marauder  
  100  11:22  Marine  
  100  11:24  Marine x2  
  98  11:25  Widow Mine  
  98  11:26  Widow Mine, Marine  
  98  11:29  Barracks x2  
  98  11:30  Marine  
  108  11:42  Marine x2  
  108  11:43  Marine  
  108  11:44  Marine  
Show
View Real Time Build Order
Export as new Build Order

Probe Protoss - Winner!

Build Orders: 1 Gate Expand, Blink Stalkers 

Get SALT Encoding   

  12  0:00  Probe  
  13  0:12  Probe  
  14  0:17  Pylon  
  14  0:24  Probe  
  15  0:32  Probe  
  15  0:37  Gateway  
  15  0:40  Probe  
  16  0:46  Assimilator  
  17  0:51  Probe  
  18  1:03  Probe  
  19  1:15  Probe  
  20  1:22  Nexus  
  20  1:33  Cybernetics Core  
  20  1:36  Probe  
  21  1:41  Assimilator  
  21  1:48  Probe  
  21  1:50  Pylon  
  22  1:59  Adept  
  22  2:01  Probe  
  23  2:11  Warp Gate  
  23  2:13  Probe  
  26  2:22  Twilight Council  
  26  2:25  Probe  
  27  2:31  Stalker  
  27  2:32  Probe  
  30  2:37  Probe  
  30  2:40  Probe  
  32  2:49  Probe  
  32  2:50  Probe  
  33  2:53  Blink  
  34  3:01  Probe, Stalker  
  34  3:02  Probe  
  38  3:13  Probe  
  38  3:14  Probe  
  40  3:21  Gateway  
  40  3:23  Gateway  
  40  3:26  Probe x2  
  42  3:29  Pylon  
  42  3:36  Robotics Facility  
  42  3:38  Probe  
  42  3:39  Probe  
  44  3:50  Probe  
  44  3:51  Probe  
  46  3:58  Pylon  
  46  4:01  Assimilator  
  46  4:02  Probe  
  47  4:03  Probe  
  47  4:07  Stalker  
  50  4:14  Probe  
  50  4:15  Probe  
  52  4:18  Nexus  
  52  4:24  Observer  
  53  4:27  Stalker x2  
  57  4:35  Pylon  
  57  4:37  Pylon  
  57  4:39  Stalker  
  57  4:42  Probe  
  60  4:50  Pylon  
  60  4:53  Immortal  
  62  5:04  Stalker x3  
  62  5:05  Probe  
  69  5:18  Probe x2  
  70  5:30  Probe  
  70  5:32  Immortal  
  70  5:35  Gateway  
  73  5:37  Gateway x2, Charge  
  73  5:39  Sentry, Gateway, Stalker  
  77  5:44  Stalker  
  79  5:53  Probe x2  
  79  5:56  Probe  
  82  6:05  Probe x2  
  82  6:07  Stalker x3  
  82  6:08  Probe  
  89  6:13  Observer  
  89  6:17  Probe  
  90  6:24  Probe  
  90  6:25  Probe  
  93  6:29  Probe  
  94  6:34  Gateway  
  94  6:37  Sentry, Zealot, Probe x2  
  100  6:40  Pylon x2  
  100  6:41  Pylon  
  100  6:48  Probe  
  101  6:59  Zealot x6  
  113  7:06  Pylon  
  113  7:11  Pylon  
  113  7:12  Pylon x2  
  113  7:18  Forge x2  
  113  7:21  Sentry, Zealot x4  
  113  7:22  Protoss Ground Armor Level 1, Protoss Ground Weapons Level 1  
  123  7:29  Warp Prism  
  121  7:45  Zealot x4  
  121  7:47  Nexus  
  129  7:54  Pylon  
  129  7:57  Probe x2  
  131  8:01  Zealot  
  131  8:02  Zealot x2  
  131  8:05  Robotics Bay  
  137  8:19  Zealot  
  139  8:20  Zealot x3  
  139  8:22  Robotics Facility  
  139  8:25  Pylon x2  
  145  8:30  Zealot x3  
  151  8:50  Probe x2  
  151  8:53  Zealot x7  
  165  8:59  Disruptor  
  165  9:00  Assimilator  
  165  9:01  Assimilator  
  160  9:04  Protoss Ground Armor Level 2, Protoss Ground Weapons Level 2  
  160  9:08  Probe x2  
  148  9:13  Observer  
  148  9:14  Disruptor  
  143  9:18  Stalker  
  143  9:19  Stalker x6  
  143  9:22  Probe  
  158  9:25  Probe x3  
  161  9:38  Probe x3  
  164  9:42  Zealot x3  
  170  9:51  Disruptor  
  173  9:53  Disruptor  
  176  10:04  Zealot x7  
  180  10:15  Assimilator  
  180  10:17  Pylon, Assimilator  
  180  10:26  Warp Prism  
  180  10:27  Disruptor  
  182  10:35  Zealot x7  
  140  10:54  Disruptor  
  127  10:59  Zealot x7  
  127  11:02  Disruptor  
  126  11:17  Observer  
  120  11:26  Stalker x3  
  120  11:27  Stalker x4  
  140  11:46  Nexus  
  140  11:52  Zealot x7  

Tags
 
Add a new tag
Caveats
  • Supply blocks, unpowered buildings, or Contaminate may cause inaccurate times.
  • Supply counts are checked every 10 seconds.